AoeStats
← HUGO QPA

Arena

510255119Analyzed
1v1 RM · 15h ago on Sep 30, 2026· 30m 43s· 2 players
Game mode
Random Map
Map size
Tiny (2 player)
Population
200
Speed
Normal
Resources
Standard
Victory
Conquest
Starting age
Dark Age
Ending age
Imperial Age
RankedLock teamsTeams togetherTeam positionsShared explorationLock speedFull tech treeHidden civsTurbo modeCheats
Victory
Defeat
🇦🇷 Teutons · Argentina
892
+17
🇹🇼 Teutons · Taiwan
913
-17
HUGO QPA
10:08 Feudal Age
10:17 Loom
10:36 Town Watch
12:49 Loom
18:57 Castle Age
17:31 Fletching
19:35 Double-Bit Axe
22:00 Man-at-Arms
22:43 Scale Mail Armor
22:56 Forging
25:21 Arson
25:46 Gold Mining
darrencool820518
7:30 Loom
10:29 Feudal Age
11:20 Stone Mining
14:19 Fletching
15:55 Double-Bit Axe
22:04 Horse Collar
33:18 Castle Age
Connection lost

Rejoining the realm…

Still unreachable

The connection could not be restored.

Session expired

The server has moved on; the page needs a fresh start.